 Dungeon Crawl Stone Soup version 0.30.1 (webtiles) character file.

Game seed: 13715049573583337211

77890 monsoonserge the Eclecticist (level 16, -3/110 HPs)
             Began as a Djinni Fire Elementalist on July 6, 2023.
             Was an Elder of Ru.
             Shot with an arrow by a deep elf archer (29 damage)
             ... on level 1 of the Elven Halls on July 7, 2023.
             The game lasted 03:11:03 (20976 turns).

monsoonserge the Eclecticist (DjFE)                Turns: 20976, Time: 03:11:04

Health: -3/110     AC: 16    Str:  6    XL:     16   Next: 6%
Gold:   2129       EV: 18    Int: 28    God:    Ru [****..] SH: 11 Dex: 20

rFire   + + .        a - +7 spear of Guilt {flame, Dex+3}
rCold   x . .        Q - +1 buckler {AC+3}
rNeg    + . .        T - +0 acid dragon scales
rPois   ∞            L - +1 hat {Will+}
rElec   .            m - +2 ratskin cloak {*Rats rPois rN+ Str-1 Int-1 Dex+1}
rCorr   +            F - +0 pair of gloves
SInv    .            (boots unavailable)
Will    ++...        G - amulet of reflection Stlth
                     k - +6 ring of intelligence
HPRegen 0.38/turn    H - +5 ring of evasion
MPRegen 0.00/turn

%: reflection, infuse magic (-4 HP)
@: exhausted, flying, unable to read
A: sickness immunity, fire resistance 2, cold vulnerability 1, inability to read
after injury 2, no stealth, unskilled 1, missing an eye, float, innate caster,
HP casting, extra vitality 1
a: Renounce Religion, Sacrifice Health, Sacrifice Love, Sacrifice Essence,
Reject Sacrifices, Draw Out Power, Power Leap


You were on level 1 of the Elven Halls.
You worshipped Ru.
Ru was greatly pleased with you.
You visited 7 branches of the dungeon, and saw 25 of its levels.

You collected 2169 gold pieces.
You spent 40 gold pieces at shops.

Inventory:

Hand Weapons
 a - the +7 spear of Guilt (weapon) {flame, Dex+3}
   (You found it on level 8 of the Dungeon)

   Dex:       It affects your dexterity (+3).
Missiles
 c - 33 poisoned darts
 f - 3 atropa-tipped darts
 C - 3 silver boomerangs
 M - 16 boomerangs (quivered)
 S - 3 curare-tipped darts
 X - 4 throwing nets
Armour
 m - the +2 ratskin cloak (worn) {*Rats rPois rN+ Str-1 Int-1 Dex+1}
   (You found it on level 2 of the Dungeon)

   *Rats:     When the wearer is hurt, rats may emerge from it to assist them.
   Str:       It affects your strength (-1).
   Int:       It affects your intelligence (-1).
   Dex:       It affects your dexterity (+1).
   rPois:     It protects you from poison.
   rN:        It protects you from negative energy.
 F - a +0 pair of gloves (worn)
 L - a +1 hat of willpower (worn)
 Q - a +1 buckler of protection (worn)
 T - +0 acid dragon scales (worn)
Jewellery
 k - a +6 ring of intelligence (left hand)
 E - an amulet of regeneration
 G - an amulet of reflection (around neck)
 H - a +5 ring of evasion (right hand)
Wands
 b - a wand of polymorph (5)
 l - a wand of mindburst (5)
 o - a wand of flame (4)
 w - a wand of roots (42)
 y - a wand of digging (8)
 O - a wand of acid (4)
Scrolls
 g - 4 scrolls of enchant armour
 h - 14 scrolls of teleportation
 i - 3 scrolls of torment {unknown}
 s - a scroll of immolation
 t - a scroll of fog
 z - 4 scrolls of poison
 A - 4 scrolls of silence
 J - 3 scrolls of enchant weapon {unknown}
 K - 2 scrolls of fear
 N - a scroll of acquirement {unknown}
 P - 2 scrolls of butterflies
 U - a scroll of vulnerability {unknown}
 V - 3 scrolls of blinking
Potions
 d - 15 potions of curing
 e - 6 potions of lignification
 n - 6 potions of brilliance
 p - a potion of ambrosia
 q - 4 potions of berserk rage
 r - a potion of might
 u - a potion of cancellation
 v - 3 potions of attraction
 x - 2 potions of heal wounds
 D - 6 potions of haste
 I - 3 potions of resistance
 Z - 2 potions of mutation
Miscellaneous
 j - a phial of floods
 R - a box of beasts
 W - a condenser vane
 Y - a lightning rod (4/4)


   Skills:
 * Level 8.6 Fighting
 - Level 1.5 Long Blades
 + Level 0.7 Polearms
 + Level 1.6 Ranged Weapons
 + Level 6.5 Armour
 + Level 5.3 Dodging
 * Level 3.0 Shields
 + Level 0.8 Unarmed Combat
 * Level 16.1 Spellcasting
 * Level 6.3 Evocations


You knew the following spells:

 Your Spells              Type           Power      Damage    Failure   Level
a - Foxfire               Conj/Fire      100%       2x1d9     0%          1
b - Scorch                Fire           100%       2d9       0%          2
c - Volatile Blastmotes   Fire/Tloc      100%       2d18      1%          3
d - Inner Flame           Hex/Fire       85%        N/A       1%          3
e - Flame Wave            Conj/Fire      85%        2d18      1%          4
f - Beastly Appendage     Tmut           100%       N/A       0%          1
g - Ensorcelled Hibernat  Hex/Ice        100%       N/A       0%          2
h - Searing Ray           Conj           100%       2d8       0%          2
i - Vampiric Draining     Necr           85%        2d12      1%          3
j - Animate Armour        Summ/Erth      100%       N/A       1%          4
k - Blade Hands           Tmut           42%        N/A       1%          5
l - Eringya's Noxious Bo  Tmut/Pois      42%        N/A       1%          6
Your spell library was empty.

Dungeon Overview and Level Annotations

Branches:
Dungeon (13/15)            Temple (1/1) D:5            Lair (5/5) D:10
  Swamp (2/4) Lair:3        Snake (1/4) Lair:2        Slime (0/5) Lair:4
    Orc (2/2) D:9             Elf (1/3) Orc:2
 Vaults: D:13-14

Altars:
Ashenzari
Cheibriados
Dithmenos
Elyvilon
Fedhas
Gozag
Hepliaklqana
Makhleb
Nemelex Xobeh
Okawaru
Qazlal
Ru
Trog
Uskayaw
Wu Jian
Xom
Yredelemnul
Zin
The Shining One
Jiyva

Shops:
D:4 (   D:5 (   D:8 ?   D:9 :   D:12 :   Snake:1 =[


Innate Abilities, Weirdness & Mutations

You are immune to sickness and miasma.
You are immune to poison.
Your flesh is very heat resistant. (rF++)
You are vulnerable to cold. (rC-)
You sometimes lose the ability to read scrolls when taking damage.
You cannot be stealthy.
You are somewhat unskilled. (-1 Apt)
You are missing an eye, making it more difficult to aim.
You float through the air rather than walking.
You learn spells naturally, not from books.
Your magical power is your life essence.
You have superior vitality. (+4 MHP)


Message History

The deep elf pyromancer blinks!
The deep elf archer unwields a +0 short sword.
The deep elf archer wields a +0 shortbow.
The deep elf archer shoots an arrow.
You block the arrow with an invisible shield... and reflect it back!
The arrow barely misses the deep elf archer.
Unknown command.
Casting: Flame Wave (safe; 1% risk of failure)
Confirm with . or Enter, or press ? or * to list all spells.
Flames lash the deep elf pyromancer.
The deep elf pyromancer is heavily wounded.
The deep elf pyromancer's fire resistance burns away.
You can read scrolls again.
The deep elf archer unwields a +0 longbow.
The deep elf archer wields a +0 short sword.
You block the deep elf archer's attack.
A deep elf knight comes into view. It is wielding a +0 short sword.
Casting: Scorch (safe; 0% risk of failure)
Confirm with . or Enter, or press ? or * to list all spells.
Casting: Flame Wave (safe; 1% risk of failure)
Press: ? - help, Dir - look around, f - activate A wave of flame ripples out!
The flame wave engulfs the deep elf archer!
The deep elf archer is heavily wounded.
The flame wave engulfs the deep elf pyromancer!!!
The deep elf pyromancer is burned terribly!
You kill the deep elf pyromancer! (Press . to intensify the flame waves.)
The deep elf archer shoots an arrow.
The arrow hits you!!
You feel threatened and lose the ability to read scrolls!
* * * LOW HITPOINT WARNING * * *
A river rat scurries out from under your cloak.
The deep elf archer hits you but does no damage.
Aiming: Power Leap
Press: ? - help, Dir - move target The deep elf archer begins to cast a spell, but is stunned by your conviction!
The deep elf archer unwields a +0 short sword.
The deep elf archer wields a +0 longbow.
The deep elf archer shoots an arrow.
The arrow hits you!!
You die...

##+#### ##.....##
##.......#+
##.........##
#....)......#
#...))@.....###
#....)...)..'..
##....[......###
#+###..)....)..#
....#eer......##
..).#'.).....###
....e##.....#+#..
....e ###+### ...
... .# ..


You could see 2 deep elf archers, a deep elf knight, a deep elf zephyrmancer, a
friendly animated acid dragon scales (summoned) and a friendly river rat.

Vanquished Creatures
  Gastronok (Lair:1)
  Donald (Snake:1)
  An orc warlord (Orc:1)
  2 bunyips (Swamp:1)
  Harold (Lair:1)
  2 catoblepae
  2 anacondas (Snake:1)
  2 boulder beetles
  2 two-headed ogres
  An alligator (Swamp:1)
  A death yak (Lair:5)
  2 deep elf knights (Elf:1)
  A skyshark (Lair:4)
  3 naga ritualists (Snake:1)
  2 bog bodies
  A deep elf zephyrmancer (Elf:1)
  3 mana vipers
  4 deep elf pyromancers (Elf:1)
  An ugly thing (D:8)
  A will-o-the-wisp (Swamp:1)
  A salamander (Snake:1)
  An oklob plant (Orc:2)
  2 manticores (Lair:5)
  12 elephants
  15 black mambas
  8 cane toads
  3 unseen horrors
  Maggie (D:10)
  A rime drake (Lair:4)
  A freezing wraith (D:11)
  3 komodo dragons
  5 trolls
  2 tyrant leeches
  A polar bear (Lair:3)
  17 blink frogs
  A slime creature (D:13)
  2 wyverns
  52 yaks
  3 shadows
  3 basilisks
  3 wraiths
  A steam dragon (D:7)
  8 vampire mosquitoes
  5 swamp worms (Swamp:1)
  A warg (Orc:1)
  6 nagas
  2 acid dragons
  14 water moccasins
  8 orc warriors
  An ice beast (D:7)
  4 black bears
  A sky beast (D:7)
  4 ogres
  7 centaurs
  6 wolves (Lair:4)
  A phantom (D:9)
  7 bullfrogs
  A gnoll sergeant (D:8)
  4 scorpions
  8 wights
  20 killer bees
  6 howler monkeys
  14 orc priests
  3 hounds
  9 jellies
  2 gnoll boudas
  A sleepcap (D:8)
  5 iguanas
  24 orc wizards
  5 ogre zombies (D:9)
  19 gnolls
  5 adders
  2 shadow imps
  3 white imps
  3 ufetubi
  3 worms
  2 dart slugs
  52 orcs
  23 endoplasms
  3 giant cockroaches
  3 goblins
  8 hobgoblins
  2 kobolds
  8 ball pythons
  8 bats
  2 frilled lizards (D:2)
  A goblin skeleton (D:9)
  5 goblin zombies (D:9)
  2 hobgoblin skeletons (D:9)
  A hobgoblin zombie (D:9)
  2 orc skeletons (D:9)
  10 orc zombies (D:9)
  4 rats
520 creatures vanquished.

Vanquished Creatures (collateral kills)
  Jorgrun (D:12)
  Aizul (Lair:3)
  3 hydras
  A catoblepas (Lair:5)
  A two-headed ogre (D:11)
  A tengu warrior (D:13)
  3 skysharks
  A naga ritualist (Snake:1)
  A deep elf zephyrmancer (Elf:1)
  A will-o-the-wisp (Swamp:1)
  A mana viper (Snake:1)
  2 black mambas (Snake:1)
  A guardian serpent (Lair:2)
  2 elephants (Lair:3)
  2 cane toads
  A rime drake (Lair:1)
  3 komodo dragons
  2 trolls
  2 polar bears
  A tyrant leech (Swamp:1)
  2 blink frogs (Lair:4)
  6 slime creatures
  17 yaks
  A basilisk (D:10)
  A warg (Orc:2)
  2 two-headed ogre zombies (D:9)
  A naga (Snake:1)
  7 orc warriors
  A swamp drake (Lair:3)
  2 ogres (Orc:1)
  A centaur (D:6)
  3 bullfrogs
  5 killer bees
  A jelly (Lair:4)
  3 orc wizards (Orc:1)
  An ogre zombie (D:9)
  6 orcs
  An orc skeleton (D:9)
  3 orc zombies (D:9)
  17 foxfires
112 creatures vanquished.

Vanquished Creatures (others)
  A komodo dragon (Lair:5)
  2 bloated husks (Swamp:1)
  A blink frog (Lair:1)
  994 foxfires
998 creatures vanquished.

Grand Total: 1630 creatures vanquished

Notes
Turn   | Place    | Note
-------+----------+-------------------------------------------
     0 | D:1      | monsoonserge the Djinni Fire Elementalist began the quest
                  | for the Orb.
     0 | D:1      | monsoonserge set off with the following spells memorised:
                  | Foxfire, Scorch, Volatile Blastmotes, Inner Flame, Flame
                  | Wave.
     0 | D:1      | Reached XP level 1. HP: 15/15 MP: 0/0
   135 | D:1      | Reached XP level 2. HP: 19/21 MP: 0/0
   311 | D:1      | Reached skill level 3 in Spellcasting
   519 | D:2      | Found the +2 ratskin cloak {*Rats rPois rN+ Str-1 Int-1
                  | Dex+1}
   523 | D:2      | Reached XP level 3. HP: 25/25 MP: 0/0
   523 | D:2      | Learned a level 1 spell: Beastly Appendage
  1329 | D:2      | Reached XP level 4. HP: 25/31 MP: 0/0
  1334 | D:2      | Reached skill level 1 in Armour
  1472 | D:3      | Reached XP level 5. HP: 30/35 MP: 0/0
  1472 | D:3      | Learned a level 2 spell: Ensorcelled Hibernation
  1482 | D:3      | Reached skill level 4 in Spellcasting
  1873 | D:3      | Found a hazy altar of Hepliaklqana.
  2076 | D:4      | Found Moxu's Antique Weapon Boutique.
  2297 | D:4      | Noticed an ogre
  2309 | D:4      | Killed an ogre
  2310 | D:4      | Reached XP level 6. HP: 26/40 MP: 0/0
  2620 | D:4      | Reached skill level 5 in Spellcasting
  2767 | D:5      | Entered Level 5 of the Dungeon
  2830 | D:5      | Noticed a black bear
  2890 | D:6      | Reached XP level 7. HP: 39/45 MP: 0/0
  2890 | D:6      | Learned a level 2 spell: Searing Ray
  3012 | D:6      | Reached skill level 6 in Spellcasting
  3012 | D:6      | Reached XP level 8. HP: 9/50 MP: 0/0
  3459 | D:6      | Found a broken altar of Ashenzari.
  3524 | D:6      | Reached skill level 1 in Fighting
  3647 | D:6      | Reached skill level 7 in Spellcasting
  3813 | D:6      | Reached XP level 9. HP: 53/58 MP: 0/0
  3813 | D:6      | Learned a level 3 spell: Vampiric Draining
  3919 | D:6      | Found an opulent altar of Gozag.
  3919 | D:6      | Found an iron altar of Okawaru.
  4440 | D:5      | Found a burning altar of Makhleb.
  4446 | D:5      | Found an ornate altar of the Wu Jian Council.
  4451 | D:5      | Found a shadowy altar of Dithmenos.
  4510 | D:5      | Reached skill level 1 in Long Blades
  4650 | D:5      | Found Naobia's Antique Weapon Emporium.
  4677 | D:5      | Found a staircase to the Ecumenical Temple.
  4686 | Temple   | Entered the Ecumenical Temple
  4691 | Temple   | Became a worshipper of Ru the Awakened
  5243 | D:7      | Found a glowing golden altar of the Shining One.
  5387 | D:7      | Reached skill level 8 in Spellcasting
  5724 | D:7      | Reached XP level 10. HP: 35/67 MP: 0/0
  5869 | D:7      | Found a shimmering altar of Xom.
  5899 | D:7      | Gained mutation: You cannot be stealthy. [Ru sacrifice]
  6132 | D:7      | Reached skill level 9 in Spellcasting
  6316 | D:8      | Found a hide-covered altar of Uskayaw.
  6317 | D:8      | Noticed a +0 hand axe
  6318 | D:8      | Noticed a +0 hand axe
  6527 | D:8      | Found Betunab's Magic Scroll Boutique.
  6532 | D:8      | Bought a scroll of fear for 40 gold pieces
  6628 | D:8      | Identified the +7 spear of Guilt {flame, Dex+3}
  6629 | D:8      | Noticed a green ugly thing
  6638 | D:8      | Killed a green ugly thing
  6690 | D:8      | Reached skill level 5 in Armour
  6695 | D:8      | Reached skill level 10 in Spellcasting
  6803 | D:8      | Found a sparkling altar of Nemelex Xobeh.
  6836 | D:8      | Found a white marble altar of Elyvilon.
  6941 | D:8      | Killed an unseen horror
  7280 | D:9      | Reached XP level 11. HP: 52/74 MP: 0/0
  7280 | D:9      | Learned a level 4 spell: Animate Armour
  7337 | D:9      | Found a staircase to the Orcish Mines.
  7479 | D:9      | Reached skill level 1 in Evocations
  7543 | D:9      | Found a stormy altar of Qazlal.
  7574 | D:9      | Reached skill level 5 in Fighting
  7575 | D:9      | Reached skill level 11 in Spellcasting
  7659 | D:9      | Found Hitimas's Book Shop.
  8238 | D:10     | Entered Level 10 of the Dungeon
  8320 | D:9      | Gained mutation: You are somewhat unskilled. (-1 Apt) [Ru
                  | sacrifice]
  8320 | D:9      | Reduced skill Spellcasting to level 10
  8320 | D:9      | Reduced skill Evocations to level 1
  8320 | D:9      | Reached * piety under Ru
  8320 | D:9      | Reached ** piety under Ru
  8430 | D:10     | Noticed Maggie
  8459 | D:10     | Killed Maggie
  8558 | D:10     | Found a basalt altar of Yredelemnul.
  8576 | D:10     | Noticed a two-headed ogre
  8591 | D:10     | Killed a two-headed ogre
  8592 | D:10     | Reached XP level 12. HP: 51/81 MP: 0/0
  8640 | D:10     | Reached skill level 11 in Spellcasting
  9160 | D:10     | Found a staircase to the Lair.
  9244 | D:11     | Noticed a two-headed ogre
  9251 | D:11     | Killed a two-headed ogre
  9559 | D:11     | Noticed a two-headed ogre
  9569 | D:11     | Killed a two-headed ogre
  9896 | D:12     | Found Geidgh's Book Emporium.
 10101 | D:12     | Noticed a boulder beetle
 10143 | D:12     | Killed a boulder beetle
 10213 | D:11     | You are sucked into a shaft and drop 1 floor!
 10602 | D:11     | Reached skill level 12 in Spellcasting
 10857 | D:12     | Noticed Jorgrun
 10877 | D:12     | Killed Jorgrun
 10878 | D:12     | Reached XP level 13. HP: 52/87 MP: 0/0
 10878 | D:12     | Learned a level 5 spell: Blade Hands
 11239 | Orc:1    | Entered Level 1 of the Orcish Mines
 11239 | Orc:1    | Noticed an orc warlord
 11258 | Orc:1    | Killed an orc warlord
 11663 | Orc:2    | Entered Level 2 of the Orcish Mines
 12469 | Lair:1   | Entered Level 1 of the Lair of Beasts
 12750 | Lair:1   | Noticed Gastronok
 12756 | Lair:1   | Noticed Harold
 12770 | Lair:1   | Killed Harold
 12771 | Lair:1   | Reached skill level 13 in Spellcasting
 12788 | Lair:1   | Killed Gastronok
 13908 | Lair:2   | Reached skill level 1 in Ranged Weapons
 14349 | Lair:2   | Found a staircase to the Snake Pit.
 14546 | Lair:2   | Gained mutation: You are missing an eye, making it more
                  | difficult to aim. [Ru sacrifice]
 14546 | Lair:2   | Reached *** piety under Ru
 14663 | Lair:3   | Noticed an eight-headed hydra
 14667 | Lair:3   | Killed an eight-headed hydra
 14668 | Lair:3   | Reached XP level 14. HP: 70/94 MP: 0/0
 14715 | Snake:1  | Entered Level 1 of the Snake Pit
 14906 | Lair:3   | Reached skill level 14 in Spellcasting
 14977 | Lair:3   | Found a staircase to the Swamp.
 16134 | Lair:4   | Reached skill level 5 in Evocations
 16285 | Lair:4   | Found a viscous altar of Jiyva.
 16286 | Lair:4   | Found a staircase to the Slime Pits.
 16908 | Lair:5   | Entered Level 5 of the Lair of Beasts
 16969 | Lair:5   | Gained mutation: You occasionally lose the ability to read
                  | scrolls when taking damage. [Ru sacrifice]
 16969 | Lair:5   | Gained mutation: You sometimes lose the ability to read
                  | scrolls when taking damage. [Ru sacrifice]
 16969 | Lair:5   | Reached **** piety under Ru
 17177 | Lair:5   | Reached skill level 15 in Spellcasting
 17262 | Lair:5   | Reached XP level 15. HP: 76/102 MP: 0/0
 17262 | Lair:5   | Learned a level 6 spell: Eringya's Noxious Bog
 17263 | Lair:5   | Reached skill level 5 in Dodging
 17716 | Swamp:1  | Entered Level 1 of the Swamp
 17766 | Swamp:1  | Noticed Aizul
 17781 | Lair:3   | Killed Aizul
 17870 | Swamp:1  | Reached skill level 1 in Shields
 18874 | Snake:1  | Found Cobbed's Armour Boutique.
 18874 | Snake:1  | Found Neklum's Jewellery Shop.
 19633 | Snake:1  | Noticed Donald
 19660 | Snake:1  | Killed Donald
 19663 | Snake:1  | HP: 4/101 [black mamba[a naga ritualist] (13)]
 20444 | D:13     | Reached skill level 16 in Spellcasting
 20936 | Orc:2    | Found a staircase to the Elven Halls.
 20950 | Elf:1    | Entered Level 1 of the Elven Halls
 20956 | Elf:1    | Reached XP level 16. HP: 93/110 MP: 0/0
 20976 | Elf:1    | Shot with an arrow by a deep elf archer

Illustrated notes

Levels and vault maps discovered:
D:1:      dpeg_arrival_tiny_i, layout_rooms, serial_bayou_lagoon_b
D:2:      layout_basic
D:3:      layout_rooms, nicolae_hepliaklqana_hazy_memory,
          minmay_misc_feat_enclosed, st_stairs_11
D:4:      layout_cave_pools, serial_forest, infiniplex_forest_zigzag_1,
          infiniplex_forest_lined_ring, infiniplex_forest_side_room,
          infiniplex_forest_lined_room_, infiniplex_forest_clump_large,
          infiniplex_forest_clump_diagonal, infiniplex_forest_zigzag_1,
          infiniplex_forest_end_1, infiniplex_forest_end_2, serial_shops, shop,
          minmay_fractal_squares_5
D:5:      layout_basic, minmay_overflow_temple_star_quad,
          minmay_temple_entry_tees, serial_shops,
          nicolae_shop_just_a_little_nook
D:6:      layout_loops_ring, evilmike_ruin_ashenzari,
          gammafunk_temple_overflow_wave, serial_glass, glass_columns_a,
          glass_columns_a
D:7:      minmay_slanted_spiral_squares, layout_loops_ring, kennysheep_mini,
          tso_metal_star
D:8:      minmay_cut_squares, layout_rooms, nemelex_diamond_rough_becter,
          dancing_weapons_uskayaw, lemuel_doored_altar, kiku_gazebo_pond_becter,
          serial_shops, kennysheep_little_box, st_stairs_14,
          kennysheep_generic_room_8
D:9:      layout_stronghold, nicolae_qazlal_general_emergency,
          zombieorc2_lemuel, serial_shops, shop
D:10:     layout_loops_ring, mainiacjoe_overflow_paths,
          lemuel_coloured_pillars_altar, david_lair_generic, uniq_maggie
D:11:     layout_cave_pods, nicolae_elevator_lobby_plus
D:12:     layout_loops_ring, serial_shops, nicolae_book_shop_shelving,
          minmay_misc_feat_chi, minmay_variable_closet,
          nicolae_figureground_pulse, uniq_jorgrun
D:13:     layout_roguey [special_room_bee]
Temple:   hellmonk_temple_micro_hex
Lair:1:   layout_layer_cave, lemuel_fruit_tree, grunt_megastairs_1, uniq_harold,
          uniq_gastronok
Lair:2:   layout_loops_ring, minmay_snake_entry_spellcaster
Lair:3:   layout_loops_ring, skrybe_swamp_entry_bodies, gauntlet_entry_generic,
          grunt_megastairs_2
Lair:4:   lemuel_slime, layout_hall_layers, slime_entry_1
Lair:5:   evilmike_catoblepas_cave, layout_cave_shapes,
          chequers_serial_rivers_large_a, patterned_corridor
Swamp:1:  layout_basic_swamp, nicolae_swamp_trees_clearing,
          infiniplex_staircase_pool_2, uniq_aizul
Swamp:2:  layout_basic_swamp, nicolae_swamp_very_dense_foliage, swamp_pool1,
          infiniplex_staircase_pool, uniq_nikola
Snake:1:  layout_gridlike, minmay_shoptagon, uniq_donald
Orc:1:    layout_caves
Orc:2:    st_orc_mages, layout_caves, mines3_lemuel
Elf:1:    layout_geoelf_octagon, serial_co_window_serial, co_window_paths_a,
          co_window_of_opportunity_a, co_window_of_opportunity_a,
          co_window_of_opportunity_a, co_window_corner_a, co_window_broadway_a,
          co_window_corner_ca, co_window_unsneaky_path_e, co_window_broadway_b,
          serial_shops, bzr_in_the_mist

Skill      XL: |  1  2  3  4  5  6  7  8  9 10 11 12 13 14 15 16 |
---------------+-------------------------------------------------+-----
Spellcasting   | 3 4 5 6 7 8 10 10 12 13 15 16 | 16.1
Armour         | 1 2 3 4 5 6 |  6.5
Stealth        | 2 0 |  0.0
Dodging        | 3 4 3 4 5 |  5.3
Fighting       | 1 3 4 5 6 7 8 |  8.6
Long Blades    | 1 |  1.5
Evocations     | 2 3 4 5 6 |  6.3
Ranged Weapons | 1 |  1.6
Shields        | 2 3 |  3.0
Polearms       | |  0.7
Unarmed Combat | |  0.8

Action                     |  1- 3 |  4- 6 |  7- 9 | 10-12 | 13-15 | 16-18 || total
---------------------------+-------+-------+-------+-------+-------+-------++-------
  Melee: Dagger            |       |    24 |     3 |       |       |       ||    27
         Falchion          |       |       |    26 |     5 |       |       ||    31
         Spear             |       |       |       |    10 |    34 |       ||    44
         Unarmed           |       |       |       |       |    14 |       ||    14
   Fire: Arbalest          |       |       |       |       |    22 |       ||    22
  Throw: Throwing net      |       |       |       |     1 |       |       ||     1
   Cast: Foxfire           |    49 |    46 |    39 |   114 |   318 |     4 ||   570
         Scorch            |     9 |     9 |    42 |    91 |   268 |     3 ||   422
         Volatile Blastmot |       |     1 |     8 |    71 |    63 |       ||   143
         Searing Ray       |       |       |    10 |    23 |    41 |       ||    74
         Ensorcelled Hiber |       |       |     1 |     2 |       |       ||     3
         Flame Wave        |       |       |     4 |    17 |    21 |     2 ||    44
         Vampiric Draining |       |       |       |     9 |     6 |       ||    15
         Animate Armour    |       |       |       |     7 |    86 |     1 ||    94
         Inner Flame       |       |       |       |       |    12 |       ||    12
         Blade Hands       |       |       |       |       |     3 |       ||     3
         Eringya's Noxious |       |       |       |       |     5 |       ||     5
 Invoke: Sacrifice Stealth |       |       |       |     1 |       |       ||     1
         Sacrifice Skill   |       |       |       |     1 |       |       ||     1
         Sacrifice an Eye  |       |       |       |       |     1 |       ||     1
         Reject Sacrifices |       |       |       |       |     1 |       ||     1
         Sacrifice Words   |       |       |       |       |     1 |       ||     1
         Power Leap        |       |       |       |       |     1 |     1 ||     2
         Draw Out Power    |       |       |       |       |     1 |       ||     1
  Evoke: Box of beasts     |       |       |       |     1 |     1 |       ||     2
         Wand              |       |       |       |       |     8 |       ||     8
         Lightning rod     |       |       |       |       |     1 |       ||     1
    Use: Scroll            |       |       |       |    18 |     7 |       ||    25
         Potion            |       |       |       |     1 |     4 |       ||     5
   Stab: Sleeping          |       |       |     1 |       |       |       ||     1
 Armour: Robe              |     1 |       |       |       |       |       ||     1
         Leather armour    |     1 |    12 |    21 |       |       |       ||    34
         Ring mail         |       |       |    12 |    28 |       |       ||    40
         Scale mail        |       |       |       |    28 |       |       ||    28
         Acid dragon scale |       |       |       |    25 |   185 |     1 ||   211
  Dodge: Dodged            |     5 |    22 |    50 |    92 |   368 |     2 ||   539
  Block: Buckler           |       |       |       |       |    49 |     4 ||    53
         Reflection        |       |       |       |       |       |     3 ||     3
